 Dungeon Crawl Stone Soup version 0.32-a0-485-g70f7560b1c (webtiles) character file.

Game seed: 6925264656690108824

2153 ytrimaz the Cleaver (level 9, -4/63 HPs)
             Began as a Coglin Fighter on Feb 27, 2024.
             Was a Follower of Wu Jian.
             Slain by a gnoll
             ... wielding a +0 halberd of venom
             ... led by a gnoll bouda
              (7 damage)
             ... on level 7 of the Dungeon.
             The game lasted 00:05:44 (5466 turns).

ytrimaz the Cleaver (Coglin Fighter)                Turns: 5466, Time: 00:05:45

Health: -4/63      AC: 17    Str: 20    XL:     9   Next: 31%
Magic:  9/9        EV:  6    Int:  7    God:    Wu Jian [*.....]
Gold:   251        SH:  0    Dex: 15    Spells: 8/8 levels left

rFire   . . .        a - +1 war axe (flame) {Thatsani}
rCold   . . .        b - +0 war axe {Cihuaton}
rNeg    . . .        r - +0 plate armour
rPois   .            d - +0 helmet
rElec   .            m - +0 cloak
rCorr   .            i - +0 pair of gloves
SInv    .            (no boots)
Will    .....        (no amulet) Stlth
                     (ring unavailable)
HPRegen 0.30/turn    (ring unavailable)
MPRegen 0.11/turn

%: no passive effects
@: lethally poisoned (-4 -> -27), revved
A: off-hand wielding, slow wielding, warmup strikes, no rings
a: Renounce Religion


You were on level 7 of the Dungeon.
You worshipped Wu Jian.
Wu Jian was aware of your devotion.
You visited 2 branches of the dungeon, and saw 8 of its levels.
You also visited: Ossuary.

You collected 251 gold pieces.


Innate Abilities, Weirdness & Mutations

You can wield a second weapon in your off-hand.
It takes a long time for you to wield or remove held weapons.
Your first few attacks do less damage.
Your grasper-arms cannot wear rings.


   Skills:
 - Level 3.0 Fighting
 + Level 8.8 Axes
 + Level 8.3 Armour
 - Level 2.1 Shields


You had 8 spell levels left.
You didn't know any spells.
Your spell library contained the following spells:

 Spells                   Type           Power      Damage    Failure   Level
 Dazzling Flash           Conj/Hex       0%         N/A       100%        3
 Mephitic Cloud           Conj/Alch/Air  0%         N/A       100%        3
 Curse of Agony           Necr           0%         N/A       100%        5
 Silence                  Hex/Air        0%         N/A       100%        5

Inventory:

Hand Weapons
 a - a +1 war axe of flaming (weapon) {Thatsani}
 b - a +0 war axe (offhand) {Cihuaton}
   (You took it off an orc on level 4 of the Dungeon)
Missiles
 z - a throwing net (quivered)
Armour
 d - a +0 helmet (worn)
   (You took it off Robin on level 2 of the Dungeon)
 i - a +0 pair of gloves (worn)
   (You found it on level 2 of the Dungeon)
 m - a +0 cloak (worn)
   (You found it on level 4 of the Dungeon)
 r - a +0 plate armour (worn)
   (You found it on level 3 of the Dungeon)
Jewellery
 B - an amulet of magic regeneration
   (You found it on level 6 of the Dungeon)
Wands
 e - a wand of mindburst (7)
   (You found it on level 4 of the Dungeon)
 s - a wand of flame (14)
   (You found it on level 5 of the Dungeon)
 x - a wand of paralysis (12)
   (You found it on level 6 of the Dungeon)
Scrolls
 c - a scroll of immolation
 j - a scroll of blinking
 k - 3 scrolls of vulnerability
 l - 3 scrolls of teleportation
 n - a scroll of butterflies
 q - a scroll of silence
 u - 2 scrolls of enchant weapon
 w - 2 scrolls of revelation
 y - 2 scrolls of fog
 A - a scroll of identify
Potions
 f - a potion of might
 g - a potion of curing
 h - a potion of heal wounds
 o - a potion of berserk rage
 p - 4 potions of brilliance
 t - a potion of cancellation {unknown}
 v - 2 potions of haste

Dungeon Overview and Level Annotations

Branches:
Dungeon (7/15) Zot: 26770  Temple (1/1) D:5 Zot: 5911 Ossuary (visited)

Altars:
Ashenzari
Dithmenos
Elyvilon
Fedhas
Gozag
Makhleb
Nemelex Xobeh
Okawaru
Qazlal
Ru
Uskayaw
Vehumet
Wu Jian
Zin

Shops:
D:4 = D:6

* ####.#...####.#
#.#.#.##.###..# #
#..##)####...# #.
#........###.###+###.#
..####....#..#..........
#.#.####..#(##.##.###.#.
..)......#.#..#...##
...###.##.#.#####..#
.....[...#..#...@#.#
...##.###...##)##g.#.##
. ..= ...#####........
###+###.#.# #.#######
#.##..#.# #.#...#.# ..
#?.+ .# ##g# #)#


You could see a gnoll.


Message History

You are engulfed in a cloud of scalding steam.
You feel very sick. The gnoll completely misses you.
The steam dragon bites you but does no damage.
The steam dragon claws you but does no damage.
The gnoll completely misses you.
The gnoll hits you from afar with a +0 spear. 😮 HP[+11]
You regained 11 hp, and now have 34/63 hp.
Unknown command.
You feel better. The gnoll hits you but does no damage.
You are poisoned.
The steam dragon bites you. The steam dragon claws you.
The gnoll hits you but does no damage.
The gnoll hits you from afar with a +0 spear. 😮 HP[+6]
You regained 6 hp, and now have 40/63 hp.
You closely miss the gnoll with your +0 war axe.
You hit the steam dragon but do no damage.
You hit the gnoll with your +1 war axe of flaming.
You burn the gnoll.
You closely miss the steam dragon with your +1 war axe of flaming.
You feel sick. The gnoll hits you but does no damage.
You are more poisoned.
The steam dragon bites you.
The steam dragon claws you but does no damage.
The gnoll completely misses you.
The gnoll hits you from afar with a +0 spear.
* * * LOW HITPOINT WARNING * * *
😨 HP[-11]
You take 11 damage, and now have 29/63 hp.
Unknown command.
You feel very sick.
The gnoll is no longer moving quickly. 😨 HP[-4]
You take 4 damage, and now have 25/63 hp.
You feel very sick.
The gnoll is no longer moving quickly.
The steam dragon attacks as it pursues you!
The steam dragon bites you.
* * * LOW HITPOINT WARNING * * *
The steam dragon barely misses you. 😨 HP[-7]
You take 7 damage, and now have 18/63 hp.
Blink to where?
Press: ? - help, Dir - move target
As you read the scroll of blinking, it crumbles to dust.
You feel sick. 😨 HP[-2]
You take 2 damage, and now have 16/63 hp.
You feel sick. 😱 HP[-2]
You take 2 damage, and now have 14/63 hp.
You feel better. 😨 HP[+11]
You regained 11 hp, and now have 25/63 hp.
You start resting.
A gnoll is nearby! 😨 HP[+2]
You regained 2 hp, and now have 27/63 hp.
You hit the gnoll with your +1 war axe of flaming.
You burn the gnoll.
You closely miss the gnoll with your +0 war axe.
The gnoll closely misses you.
You hit the gnoll but do no damage. You hit the gnoll with your +0 war axe.
The gnoll hits you with a +0 whip.
* * * LOW HITPOINT WARNING * * *
😨 HP[-2]
You take 2 damage, and now have 25/63 hp.
You slash the gnoll with your +0 war axe!
You kill the gnoll!
The Council accepts your kill. 😨 HP[+1]
You slash the gnoll with your +0 war axe!
You slash the gnoll with your +1 war axe of flaming!
You burn the gnoll.
You kill the gnoll!
The Council accepts your kill. The gnoll hits you but does no damage.
You are poisoned.
You feel sick.
The gnoll hits you with a +0 halberd of venom.
* * * LOW HITPOINT WARNING * * *
You are more poisoned. 😨 HP[-6]
You take 6 damage, and now have 20/63 hp.
You hit the gnoll but do no damage. You hit the gnoll with your +0 war axe.
* * * LOW HITPOINT WARNING * * *
You feel very sick.
The gnoll hits you with a +0 halberd of venom.
* * * LOW HITPOINT WARNING * * *
You are more poisoned. 😱 HP[-9]
You take 9 damage, and now have 11/63 hp.
You barely miss the gnoll with your +1 war axe of flaming.
You completely miss the gnoll with your +0 war axe.
* * * LOW HITPOINT WARNING * * *
You feel extremely sick.
The gnoll hits you with a +0 halberd of venom!
You die...

Skill      XL: |  1  2  3  4  5  6  7  8  9 |
---------------+----------------------------+-----
Armour         | 3 4 5 6 7 8 |  8.3
Axes           | 3 4 5 6 8 |  8.8
Fighting       | |  3.0
Shields        | |  2.1

Action                     |  1- 3 |  4- 6 |  7- 9 || total
---------------------------+-------+-------+-------++-------
  Melee: War axe           |    94 |    93 |   246 ||   433
         Whip              |    14 |    40 |       ||    54
         Hand axe          |       |    18 |       ||    18
Ability: Lunge             |       |       |    12 ||    12
         Whirlwind         |       |       |     4 ||     4
    Use: Potion            |     2 |       |     4 ||     6
         Scroll            |       |    12 |     6 ||    18
 Armour: Scale mail        |    87 |    35 |       ||   122
         Plate armour      |       |    25 |   159 ||   184
  Dodge: Dodged            |    37 |    35 |    45 ||   117
  Block: Buckler           |    29 |       |       ||    29

Levels and vault maps discovered:
D:1:      wander_arrival_abandoned_jail, layout_rooms,
          hellmonk_ecumenical_altar_heavens_door, minmay_pentomino_o2
D:2:      layout_rooms, uniq_jessica, uniq_robin
D:3:      layout_basic
D:4:      layout_basic, nicolae_dithmenos_through_a_glass_darkly, serial_shops,
          nicolae_shop_rolling_square
D:5:      layout_gridville, hellmonk_okawaru_the_only_friend_you_need,
          minmay_temple_entry_wispy
D:6:      layout_layer_cave, zin_purify, mainiacjoe_overflow_catwalk,
          gup_ossuary_entry_pyramid, minivault_5, sword_in_stone
D:7:      layout_basic, regret_index_xom_buried_treasure, nrook_campfire,
          minmay_shattered_shrine
Temple:   dpeg_chambers_temple

Notes
Turn   | Place    | Note
-------+----------+-------------------------------------------
     0 | D:1      | ytrimaz the Coglin Fighter began the quest for the Orb.
     0 | D:1      | Reached XP level 1. HP: 18/18 MP: 1/1
     0 | D:1      | magus.rc [v1.9.6]
   170 | D:1      | Reached skill level 3 in Armour
   170 | D:1      | Reached XP level 2. HP: 24/24 MP: 2/2
   344 | D:1      | Found a faded altar of an unknown god.
   486 | D:2      | Reached XP level 3. HP: 23/29 MP: 3/3
   563 | D:2      | Reached skill level 3 in Axes
   631 | D:2      | Noticed Robin
   645 | D:2      | HP: 7/29 [goblin/+0 club[Robin] (3)]
   648 | D:2      | Reached XP level 4. HP: 10/35 MP: 4/4
   648 | D:2      | Killed Robin
   893 | D:2      | Noticed Jessica
   899 | D:2      | Killed Jessica
  1099 | D:2      | Reached skill level 4 in Armour
  1221 | D:3      | Reached XP level 5. HP: 41/41 MP: 5/5
  1285 | D:3      | Reached skill level 4 in Axes
  1874 | D:4      | Found Dibexyow's Jewellery Boutique.
  2235 | D:4      | Reached XP level 6. HP: 28/47 MP: 6/6
  2589 | D:4      | Found a shadowy altar of Dithmenos.
  2589 | D:4      | Noticed a black bear
  2598 | D:4      | Killed a black bear
  2599 | D:4      | Reached skill level 5 in Axes
  2599 | D:4      | Reached skill level 5 in Armour
  2999 | D:5      | Entered Level 5 of the Dungeon
  3038 | D:5      | Reached XP level 7. HP: 25/52 MP: 7/7
  3423 | D:5      | Found a staircase to the Ecumenical Temple.
  3429 | Temple   | Entered the Ecumenical Temple
  3490 | Temple   | Became a worshipper of the Wu Jian Council
  3849 | D:5      | Reached skill level 6 in Axes
  3915 | D:5      | Reached skill level 6 in Armour
  4130 | D:5      | Reached XP level 8. HP: 54/58 MP: 8/8
  4230 | D:5      | Found an iron altar of Okawaru.
  4323 | D:6      | Found a sand-covered staircase.
  4331 | Ossuary  | Entered an ossuary
  4373 | Ossuary  | Reached * piety under Wu Jian
  4491 | D:6      | Reached skill level 7 in Axes
  4501 | D:6      | Found Zin's Purification Station.
  4504 | D:6      | Found a glowing silver altar of Zin.
  4572 | D:6      | Reached skill level 7 in Armour
  4674 | D:6      | Found a sacrificial altar of Ru.
  4738 | D:6      | Noticed Blork the orc
  4743 | D:6      | Killed Blork the orc
  4744 | D:6      | Reached skill level 8 in Axes
  4902 | D:6      | Reached XP level 9. HP: 50/63 MP: 9/9
  5257 | D:7      | Reached skill level 8 in Armour
  5428 | D:7      | You pick up a book of the Senses and begin reading...
  5428 | D:7      | You add the spells Dazzling Flash, Mephitic Cloud, Curse of
                  | Agony and Silence to your library.
  5454 | D:7      | HP: 14/63 [poisoned by a gnoll]
  5465 | D:7      | HP: 11/63 [gnoll/+0 halberd of venom[a gnoll bouda] (5)]
  5466 | D:7      | HP: 3/63 [poisoned by a gnoll]
  5466 | D:7      | Slain by a gnoll

Vanquished Creatures
  A steam dragon (D:7)
  2 orc warriors
  A sky beast (D:6)
  A black bear (D:4)
  3 centaurs
  3 ogres
  A bullfrog (D:7)
  Blork the orc (D:6)
  A wight (D:6)
  A howler monkey (D:7)
  2 bombardier beetles (D:5)
  A centaur zombie (Ossuary)
  3 jellies
  A hound (D:6)
  3 orc priests
  2 gnoll boudas
  Jessica (D:2)
  2 sleepcaps
  An iguana (D:4)
  2 orc wizards
  3 crocodile zombies (Ossuary)
  4 mummies
  Robin (D:2)
  12 gnolls
  4 adders
  A white imp (D:5)
  4 dart slugs
  2 ribbon worms
  23 orcs
  4 ball pythons
  2 endoplasms
  4 giant cockroaches
  2 gnoll zombies (Ossuary)
  21 goblins
  10 hobgoblins
  2 jackals (D:1)
  3 quokkas
  5 bats
  3 frilled lizards
  9 kobolds
  4 kobold zombies (Ossuary)
  3 rats
159 creatures vanquished.

Vanquished Creatures (others)
  An orc wizard (D:7)
  A gnoll (D:7)
  2 orcs (D:7)
4 creatures vanquished.

Grand Total: 163 creatures vanquished

Table legend:
 A = Non-vault XP
 B = Vault XP
 C = Vault XP percentage of total XP
 D = Non-vault monster count
 E = Vault monster count
 F = Vault count percentage of total count
                 A         B        C        D         E       F
            +---------+---------+-------+---------+---------+-------
      Total |    2160 |     917 |  29.8 |     122 |      36 |  22.8
            +---------+---------+-------+---------+---------+-------
        D:1 |      26 |       3 |  10.3 |      15 |       2 |  11.8
        D:2 |      51 |      76 |  59.8 |      23 |      14 |  37.8
        D:3 |     109 |       0 |   0.0 |      25 |       0 |   0.0
        D:4 |     351 |       0 |   0.0 |      13 |       0 |   0.0
        D:5 |     627 |       0 |   0.0 |      18 |       0 |   0.0
        D:6 |     699 |     310 |  30.7 |      18 |       4 |  18.2
        D:7 |     297 |     343 |  53.6 |      10 |       3 |  23.1
    Ossuary |       0 |     185 | 100.0 |       0 |      13 | 100.0
            +---------+---------+-------+---------+---------+-------

Skill      XL: |  1  2  3  4  5  6  7  8  9 |
---------------+----------------------------+-----
Armour         | 3 4 5 6 7 8 |  8.3
Axes           | 3 4 5 6 8 |  8.8
Fighting       | |  3.0
Shields        | |  2.1

Action                     |  1- 3 |  4- 6 |  7- 9 || total
---------------------------+-------+-------+-------++-------
  Melee: War axe           |    94 |    93 |   246 ||   433
         Whip              |    14 |    40 |       ||    54
         Hand axe          |       |    18 |       ||    18
Ability: Lunge             |       |       |    12 ||    12
         Whirlwind         |       |       |     4 ||     4
    Use: Potion            |     2 |       |     4 ||     6
         Scroll            |       |    12 |     6 ||    18
 Armour: Scale mail        |    87 |    35 |       ||   122
         Plate armour      |       |    25 |   159 ||   184
  Dodge: Dodged            |    37 |    35 |    45 ||   117
  Block: Buckler           |    29 |       |       ||    29

Illustrated notes

Table legend:
 A = Kills in this place as a percentage of kills in the entire game.
 B = Kills by you in this place as a percentage of kills by you in the entire game.
 C = Kills by friends in this place as a percentage of kills by friends in the entire game.
 D = Other kills in this place as a percentage of other kills in the entire game.
 E = Experience gained in this place as a percentage of experience gained in the entire game.
 F = Experience gained in this place divided by the number of levels of this place that you have seen.
                   A       B       C       D       E      F
               +-------+-------+-------+-------+-------+----------------------
         Total | 100.0 | 100.0 |   N/A |   N/A | 100.0 | 341.9
       Dungeon |  91.8 |  91.8 |   N/A |   N/A |  94.0 | 413.1
       Ossuary |   8.2 |   8.2 |   N/A |   N/A |   6.0 | 185.0
               +-------+-------+-------+-------+-------+----------------------

Table legend: (Time is in decaauts)
 A = Elapsed time spent in this place.
 B = Non-inter-level travel time spent in this place.
 C = Inter-level travel time spent in this place.
 D = Time resting spent in this place.
 E = Time spent auto-exploring this place.
 F = Levels seen in this place.
 G = Mean time per level.
                   A        B        C        D        E       F      G
               +--------+--------+--------+--------+--------+-----+--------+
         Total |   5540 |   5378 |    162 |     11 |   4321 |   9 |  615.6 |
       Dungeon |   5338 |   5202 |    136 |     11 |   4274 |   7 |  762.6 |
        Temple |     88 |     62 |     26 |      0 |      0 |   1 |   88.0 |
       Ossuary |    112 |    112 |      0 |      0 |     47 |   1 |  112.0 |
               +--------+--------+--------+--------+--------+-----+--------+

Top non-repeatable levels by time:
     D:5: 1209 daAuts
     D:4: 1206 daAuts
     D:6: 844 daAuts
     D:2: 710 daAuts
     D:3: 650 daAuts
     D:1: 488 daAuts
     D:7: 228 daAuts
 Ossuary: 112 daAuts
  Temple: 88 daAuts
